[Event "Titled Tuesday Blitz February 07 Late 2023"]
[White "Olsson, William"]
[Black "Sonnenschein, Philipp"]
[WhiteFideId "1741721"]
[BlackFideId "16250877"]
[WhiteElo "2355"]
[BlackElo "2224"]
[Result "1-0"]
[Round "05"]
[TimeControl "180+2"]
[Date "2023.02.07"]
[WhiteClock "0:00:06"]
[BlackClock "0:00:01"]

1. c4 e6 2. Nf3 d5 3. g3 dxc4 4. Bg2 a6 5. O-O Nf6 6. a4 Nc6 7. Na3 Na5 8. Qc2 Qd5 9. Rd1 Qc5 10. d4 cxd3 11. Qxd3 Be7 12. Be3 Qb4 13. Bd2 Qb6 14. b4 Nc6 15. Nc4 Qa7 16. b5 Nd8 17. Bb4 Bd7 18. Bxe7 Kxe7 19. Nce5 Bc8 20. Qa3+ Ke8 21. Rxd8+ Kxd8 22. Nxf7+ Ke8 23. Nxh8 Ng4 24. e3 axb5 25. Qb4 Nf6 26. Ng5 bxa4 27. Nhf7 Bd7 28. Ne5 Qa5 29. Qxa5 Rxa5 30. Nxd7 Kxd7 31. Ne4 Nd5 32. h4 b5 33. Bf1 b4 34. Rxa4 Rxa4 35. Bb5+ Ke7 36. Bxa4 Nb6 37. Bb3 e5 38. Kf1 Kd7 39. Ke2 Kc6 40. Kd3 Kb5 41. Bf7 c5 42. Be8+ Ka5 43. Nxc5 Nd5 44. Bf7 Nf6 45. Nb3+ Ka4 46. e4 Ng4 47. Ke2 Nf6 48. Nc5+ Ka3 49. f3 h6 50. g4 Nh7 51. Nd3 b3 52. Bxb3 Kxb3 53. Nxe5 Kc3 54. Ke3 Kb4 55. g5 hxg5 56. h5 Kc5 57. Nf7 Kc6 58. e5 Kd7 59. Ke4 Ke6 60. Nd8+ Kd7 61. Nf7 Ke6 62. Nd8+ Kd7 63. Nb7 Kc6 64. Na5+ Kd7 65. Nb3 Ke7 66. Kf5 Kf7 67. Nd4 Nf8 68. e6+ Ke7 69. Nc6+ Ke8 70. e7 1-0


[Site "https://www.chess.com"]

[Event "Titled Tuesday Blitz February 07 Late 2023"]
[White "Fajdetic, Hrvoje"]
[Black "Rangel, Daniel"]
[WhiteFideId "14501945"]
[BlackFideId "2124475"]
[WhiteElo "2151"]
[BlackElo "2207"]
[Result "1-0"]
[Round "05"]
[TimeControl "180+2"]
[Date "2023.02.07"]
[WhiteClock "0:00:20"]
[BlackClock "0:00:06"]

1. f4 g6 2. e4 Bg7 3. Nf3 c5 4. d3 e6 5. Be2 Ne7 6. O-O O-O 7. Qe1 Nbc6 8. c3 d5 9. Qh4 c4 10. dxc4 dxe4 11. Ng5 h6 12. Nxe4 Qb6+ 13. c5 Qc7 14. Nf6+ Bxf6 15. Qxf6 Nf5 16. g4 Qe7 17. Qxe7 Nfxe7 18. Na3 Nd5 19. Nc4 b6 20. cxb6 axb6 21. Ne5 Nxe5 22. fxe5 Bb7 23. Bf3 b5 24. Bxh6 Rfc8 25. a3 Bc6 26. Rad1 Ra4 27. Rd4 Rc4 28. Rfd1 Rc5 29. Bg5 Kg7 30. h4 Kf8 31. Be4 Ke8 32. h5 gxh5 33. gxh5 Kd7 34. h6 Rg8 35. Bxd5 Rxg5+ 36. Bg2+ Kc7 37. R1d2 Rcxe5 38. Rh4 Be4 39. h7 Bxh7 40. Rxh7 Ref5 41. Rf2 Rd5 42. Rhxf7+ Kb6 43. R7f6 Rd6 44. Kf1 Rd1+ 45. Ke2 Rb1 46. Kd3 Rd5+ 47. Kc2 Rdd1 48. Rxe6+ Kc5 49. Kb3 Rd5 50. Re4 Rbd1 51. Rf6 Rg5 52. Ree6 Rxg2 53. Rc6+ Kd5 54. Rfd6+ Ke5 55. Rxd1 Rg6 56. Rd4 Rxc6 57. Kb4 Rb6 58. Kc5 Rb8 59. Rd5+ Ke6 60. Rd4 Ke5 61. Kb4 Ke6 62. b3 Ke5 63. a4 bxa4+ 64. Kxa4 Ra8+ 65. Kb4 Rb8+ 66. Kc4 Rc8+ 67. Kd3 Rb8 68. b4 Ke6 69. Kc4 Ke5 70. Kb3 Rc8 71. b5 Rb8 72. Kb4 Rg8 73. b6 Rg1 74. Kc5 Rb1 75. Rd5+ Ke6 76. c4 Ke7 77. Kc6 Rb4 78. c5 Ke6 79. Rd6+ Ke7 80. b7 Rb3 81. Kc7 Rb5 82. c6 Rb4 83. Rd7+ Ke6 84. b8=Q Rxb8 85. Kxb8 1-0


[Site "https://www.chess.com"]

[Event "Titled Tuesday Blitz February 07 Late 2023"]
[White "Fiorito, Francisco"]
[Black "Cueto, Jonny"]
[WhiteFideId "180165"]
[BlackFideId "3300145"]
[WhiteElo "2305"]
[BlackElo "2122"]
[Result "0-1"]
[Round "05"]
[TimeControl "180+2"]
[Date "2023.02.07"]
[WhiteClock "0:02:04"]
[BlackClock "0:01:03"]

1. d4 e6 2. Nc3 Nf6 3. Bf4 b6 4. e3 Bb7 5. Nb5 d6 6. c4 Be7 7. Nf3 O-O 8. Bd3 Ne4 9. Qc2 f5 10. d5 e5 11. Bg3 Nxg3 12. hxg3 e4 13. Bxe4 fxe4 14. Qxe4 h6 15. Nfd4 Bc8 16. O-O-O Bf6 17. Rh5 Na6 18. Rdh1 Nc5 19. Nc6 Nxe4 20. Nxd8 Bxd8 0-1


[Site "https://www.chess.com"]

[Event "Titled Tuesday Blitz February 07 Late 2023"]
[White "Jeziel_Vale"]
[Black "Ramirez Allo, Eduardo"]
[BlackFideId "2224178"]
[WhiteElo "2276"]
[BlackElo "2274"]
[Result "1-0"]
[Round "05"]
[TimeControl "180+2"]
[Date "2023.02.07"]
[WhiteClock "0:00:22"]
[BlackClock "0:00:03"]

1. d4 Nf6 2. c4 c5 3. d5 b5 4. cxb5 a6 5. bxa6 d6 6. Nc3 g6 7. e4 Bg7 8. Nf3 O-O 9. Bd3 Bxa6 10. O-O Nbd7 11. Re1 Ne8 12. Bg5 Nc7 13. Qe2 f6 14. Bf4 Qb8 15. Reb1 Qb7 16. a4 Rfb8 17. Nd2 Bxd3 18. Qxd3 Qa6 19. Qh3 Nb6 20. Nb5 Nxb5 21. axb5 Qxa1 22. Rxa1 Rxa1+ 23. Nf1 Rba8 24. Qe6+ Kf8 25. Bxd6 exd6 26. Qxd6+ Kg8 27. Qxb6 Rc1 28. Qe6+ Kh8 29. d6 Rd1 30. d7 Rf8 31. b6 h5 32. b7 Kh7 33. Qe8 1-0


[Site "https://www.chess.com"]

[Event "Titled Tuesday Blitz February 07 Late 2023"]
[White "Villarreal, Agustin"]
[Black "Talbi, Chafik"]
[WhiteFideId "125687"]
[BlackFideId "7903715"]
[WhiteElo "2299"]
[BlackElo "2224"]
[Result "0-1"]
[Round "05"]
[TimeControl "180+2"]
[Date "2023.02.07"]
[WhiteClock "0:00:23"]
[BlackClock "0:00:19"]

1. d4 d6 2. e4 e5 3. Nf3 exd4 4. Nxd4 Nc6 5. c4 g6 6. Nc3 Bg7 7. Be3 Nf6 8. Be2 O-O 9. O-O Re8 10. Nxc6 bxc6 11. Qc2 Ng4 12. Bf4 Be5 13. Bxg4 Bxg4 14. Bxe5 Rxe5 15. f3 Be6 16. b3 Qh4 17. Qf2 Qh6 18. f4 Rh5 19. Qg3 Kh8 20. Rae1 Rh4 21. f5 gxf5 22. exf5 Rg8 23. Qe3 Rxh2 24. Qd4+ f6 25. Re2 Rh1+ 26. Kf2 Rxf1+ 27. Kxf1 Qh1+ 28. Qg1 Qxg1+ 29. Kxg1 Bxf5 30. Rf2 Rg5 31. Kh2 Kg7 32. Ne2 Be4 33. Ng3 d5 34. cxd5 cxd5 35. Rd2 Re5 36. Kg1 h5 37. Nxe4 dxe4 38. Rd7+ Kg6 39. Rxc7 a5 40. Kf2 f5 41. Rc8 Rd5 42. Ke2 Kg5 43. Rg8+ Kf4 44. g3+ Ke5 45. Rh8 Rd3 46. Rxh5 Rxg3 47. Rh8 Rg2+ 48. Ke3 Rg3+ 49. Ke2 Kf4 50. Rh4+ Rg4 51. Rh5 Rg2+ 52. Kf1 Rxa2 53. Rh3 Ke5 54. Rd3 exd3 55. Ke1 Re2+ 56. Kd1 f4 57. b4 f3 58. bxa5 f2 0-1


[Site "https://www.chess.com"]

[Event "Titled Tuesday Blitz February 07 Late 2023"]
[White "Tinmaz, Kerem"]
[Black "Garcia Almaguer, Juan Manuel"]
[WhiteFideId "44559151"]
[BlackFideId "5110491"]
[WhiteElo "2177"]
[BlackElo "2090"]
[Result "1-0"]
[Round "05"]
[TimeControl "180+2"]
[Date "2023.02.07"]
[WhiteClock "0:00:02"]
[BlackClock "0:00:13"]

1. e4 e5 2. Nf3 Nc6 3. Bb5 a6 4. Bxc6 dxc6 5. O-O Qf6 6. d4 exd4 7. Qxd4 Qxd4 8. Nxd4 Bd7 9. Be3 O-O-O 10. Nd2 f6 11. Rad1 Ne7 12. f3 g5 13. Nc4 Ng6 14. Rd2 h6 15. Rfd1 Bc5 16. Nb3 Bxe3+ 17. Nxe3 b6 18. a4 a5 19. Kf2 Be6 20. Nd4 Nf4 21. Nxc6 Rxd2+ 22. Rxd2 Re8 23. b4 axb4 24. Nxb4 h5 25. c4 Bd7 26. Ra2 Re5 27. Nbd5 f5 28. exf5 Nxd5 29. cxd5 Bxf5 30. a5 bxa5 31. Rxa5 Bd3 32. Ra8+ Kd7 33. Rh8 g4 34. f4 Re4 35. g3 Ra4 36. Nd1 Ra2+ 37. Ke3 Bg6 38. Rh6 Be8 39. Nf2 Ra3+ 40. Ke4 Ra2 41. Nd3 Rxh2 42. Nc5+ Kd8 43. Rh8 Re2+ 44. Kf5 Re1 45. Ne6+ Kd7 46. Rh7+ Kd6 47. Nxc7 Bd7+ 48. Ne6 Bxe6+ 49. dxe6 Re3 50. Rd7+ Kc6 51. Rd1 Rxg3 52. Re1 1-0


[Site "https://www.chess.com"]

[Event "Titled Tuesday Blitz February 07 Late 2023"]
[White "Vaglio Munoz, Jaime"]
[Black "Haszon, David"]
[WhiteFideId "6500145"]
[BlackFideId "733610"]
[WhiteElo "2174"]
[BlackElo "2264"]
[Result "0-1"]
[Round "05"]
[TimeControl "180+2"]
[Date "2023.02.07"]
[WhiteClock "0:00:11"]
[BlackClock "0:00:27"]

1. d4 Nf6 2. Nc3 d5 3. Bg5 Nbd7 4. f3 h6 5. Bxf6 Nxf6 6. e4 e6 7. Qd2 Bb4 8. e5 Nd7 9. a3 Bxc3 10. Qxc3 c5 11. dxc5 Qc7 12. f4 Qxc5 13. Qxc5 Nxc5 14. Nf3 Bd7 15. Nd4 Rc8 16. Bd3 O-O 17. Rd1 a6 18. O-O g6 19. h4 h5 20. Kh2 Na4 21. b3 Nc5 22. Kh3 Rc7 23. g4 hxg4+ 24. Kxg4 Nxd3 25. cxd3 Rc3 26. h5 gxh5+ 27. Kxh5 Rfc8 28. Kg5 Kg7 29. Rg1 Rg8 30. f5 Kf8+ 31. Kf4 Rxg1 32. Rxg1 Rxd3 33. Nf3 exf5 34. Rh1 Be6 35. Rh8+ Ke7 36. Rb8 Rxb3 37. a4 Rb4+ 38. Ke3 f4+ 39. Kd2 Bd7 40. a5 Bc6 41. Ng5 Rb2+ 42. Kd3 Rg2 43. Nh7 f3 44. Nf6 f2 45. Kd4 f1=Q 46. Rc8 Qc4+ 47. Ke3 Rg3+ 48. Kf2 Qf4+ 49. Ke2 Re3+ 50. Kd2 Qd4+ 51. Kc2 Rc3+ 0-1


[Site "https://www.chess.com"]

[Event "Titled Tuesday Blitz February 07 Late 2023"]
[White "Rosenberg, Evan S"]
[Black "Tobares, Leandro"]
[WhiteFideId "2019299"]
[BlackFideId "106402"]
[WhiteElo "1956"]
[BlackElo "2189"]
[Result "1-0"]
[Round "05"]
[TimeControl "180+2"]
[Date "2023.02.07"]
[WhiteClock "0:00:14"]
[BlackClock "0:00:36"]

1. d4 Nf6 2. Nf3 d6 3. Nc3 Bg4 4. Bf4 Nbd7 5. h3 Bxf3 6. exf3 e5 7. dxe5 dxe5 8. Bh2 Bb4 9. Bc4 O-O 10. O-O Qe7 11. Nd5 Nxd5 12. Bxd5 c6 13. Bb3 Nc5 14. c3 Nxb3 15. axb3 Bd6 16. Re1 Qf6 17. Ra4 a6 18. Qc2 Rfe8 19. Rg4 Rad8 20. Bg3 h5 21. Bh4 Qe6 22. Rg5 Qh6 23. Rf5 f6 24. b4 Qg6 25. Qb3+ Kh7 26. g4 hxg4 27. hxg4 Qxf5 28. gxf5 Rg8 29. Qf7 Rge8 30. Kg2 Re7 31. Qg6+ Kg8 32. Bxf6 Rf7 33. Bxd8 e4 34. Rxe4 1-0


[Site "https://www.chess.com"]

[Event "Titled Tuesday Blitz February 07 Late 2023"]
[White "Ardila, Oscar Humberto"]
[Black "CheckBits"]
[WhiteFideId "4404742"]
[WhiteElo "1982"]
[BlackElo "2403"]
[Result "0-1"]
[Round "05"]
[TimeControl "180+2"]
[Date "2023.02.07"]
[WhiteClock "0:00:08"]
[BlackClock "0:00:09"]

1. d4 d5 2. c4 e6 3. Nc3 c6 4. cxd5 exd5 5. Bf4 Qb6 6. Qd2 Bf5 7. Nf3 Nf6 8. a3 Nbd7 9. e3 Be7 10. Be2 O-O 11. O-O a5 12. Na4 Qa7 13. Ne5 Ne4 14. Qc1 Rfd8 15. f3 Nd6 16. Nxd7 Rxd7 17. Nc5 Rdd8 18. b4 b6 19. Nb3 a4 20. Nd2 Rac8 21. Qb2 c5 22. Be5 c4 23. Nb1 Nb5 24. Nc3 Nxc3 25. Qxc3 Bd6 26. Bxd6 Rxd6 27. f4 b5 28. Rf3 Re8 29. Rg3 Rde6 30. Re1 Qe7 31. Bd1 g6 32. h3 Re4 33. Rf3 h5 34. Kh2 h4 35. Bc2 Re6 36. Bxf5 gxf5 37. Qd2 Qf6 38. Rc1 Kf8 39. Rc3 Ke7 40. Qf2 Rg8 41. Rc1 Rg6 42. Rc3 Kd6 43. Qe1 Re8 44. Qf2 Reg8 45. Qe1 Rg3 46. Rxg3 Rxg3 47. Qf2 Qe6 48. Rc2 Qe4 49. Rc3 Ke6 50. Kg1 Qb1+ 51. Kh2 Qa1 52. Qd2 Qf1 53. Rc1 Qd3 54. Qxd3 cxd3 55. Rd1 Rxe3 56. Rd2 Re2 57. Rxd3 Rf2 58. Re3+ Kd6 59. Re5 Rxf4 60. Kg1 f6 61. Re8 Rxd4 62. Rf8 Ke5 63. Rb8 Rd3 64. Rxb5 Rxa3 65. Ra5 Ra2 66. b5 Kd6 67. Ra6+ Kc5 68. Rxf6 Kxb5 69. Rxf5 Kc4 70. Rf4+ d4 71. Rxh4 a3 72. Rh8 Rb2 73. Rc8+ Kd3 74. Ra8 a2 75. Kh2 Ke2 76. Ra3 d3 77. h4 d2 78. h5 d1=Q 79. Kg3 a1=Q 80. Rxa1 Qxa1 81. h6 Qa3+ 0-1


[Site "https://www.chess.com"]

[Event "Titled Tuesday Blitz February 07 Late 2023"]
[White "lisjakzlatko1"]
[Black "Jorajuria Mendoza, Algol"]
[BlackFideId "5128897"]
[WhiteElo "2213"]
[BlackElo "2069"]
[Result "1-0"]
[Round "05"]
[TimeControl "180+2"]
[Date "2023.02.07"]
[WhiteClock "0:00:07"]
[BlackClock "0:00:01"]

1. d4 d5 2. Nc3 Nf6 3. Bf4 e6 4. Nb5 Na6 5. a3 c6 6. Nc3 c5 7. e3 Be7 8. dxc5 Nxc5 9. Nf3 O-O 10. Ne5 Nfe4 11. Nxe4 Nxe4 12. Bd3 Nc5 13. Be2 f6 14. Nd3 Ne4 15. h3 e5 16. Bh2 Be6 17. O-O Qb6 18. Kh1 Rfd8 19. f4 d4 20. exd4 Rxd4 21. Qe1 Rc4 22. Bf3 Nc5 23. fxe5 Rxc2 24. exf6 Bxf6 25. Nxc5 Rxc5 26. Bg1 Bc4 27. Bxc5 Qxc5 28. Rc1 Qd4 29. Rf2 Bf7 30. Rd2 Qf4 31. Qe2 Be5 32. g4 Qg3 33. Qg2 Qh4 34. Bxb7 Rf8 35. Bd5 Bf4 36. Bxf7+ Kxf7 37. Rd7+ 1-0


[Site "https://www.chess.com"]

[Event "Titled Tuesday Blitz February 07 Late 2023"]
[White "mestrefeitosa19"]
[Black "Prieto Aranguren, Alain"]
[BlackFideId "2268906"]
[WhiteElo "2209"]
[BlackElo "2258"]
[Result "1-0"]
[Round "05"]
[TimeControl "180+2"]
[Date "2023.02.07"]
[WhiteClock "0:00:26"]
[BlackClock "0:00:01"]

1. c4 a6 2. d4 e6 3. e4 d5 4. exd5 exd5 5. cxd5 Nf6 6. Nc3 Nxd5 7. Bc4 Nb6 8. Bb3 Bd6 9. Nf3 O-O 10. O-O Bg4 11. h3 Bh5 12. Ne4 Be7 13. Ng3 Bg6 14. Re1 Nc6 15. Be3 Nd5 16. Bd2 Bf6 17. Bc3 Qd7 18. Ne5 Qd6 19. Nxg6 hxg6 20. Ne4 Qd8 21. Bxd5 Qxd5 22. Nxf6+ gxf6 23. Qg4 Kg7 24. Re2 Rae8 25. Rae1 Rxe2 26. Rxe2 Qxa2 27. Qd7 Qc4 28. Rd2 Nb4 29. d5 a5 30. Rd4 Qc5 31. Rd1 Ra8 32. Bd4 Qc2 33. Re1 Rf8 34. Qe7 Qf5 35. Bc5 Rg8 36. Qxc7 Nxd5 37. Qxb7 Nf4 38. Re7 Rf8 39. Rc7 Nd5 40. Bxf8+ Kxf8 41. Rxf7+ Ke8 42. Rh7 Qb1+ 43. Kh2 Qe4 44. Rh8# 1-0


[Site "https://www.chess.com"]

[Event "Titled Tuesday Blitz February 07 Late 2023"]
[White "Rizzo, Tobias"]
[Black "Liu, Leonardo"]
[WhiteFideId "30942691"]
[BlackFideId "30965780"]
[WhiteElo "1867"]
[BlackElo "1919"]
[Result "1-0"]
[Round "05"]
[TimeControl "180+2"]
[Date "2023.02.07"]
[WhiteClock "0:00:14"]
[BlackClock "0:00:24"]

1. d4 Nf6 2. Bg5 g6 3. Bxf6 exf6 4. c4 Bg7 5. Nc3 O-O 6. e4 Nc6 7. Nf3 d6 8. Be2 f5 9. O-O fxe4 10. Nxe4 Re8 11. Nc3 Bg4 12. d5 Bxf3 13. Bxf3 Nd4 14. g3 Nxf3+ 15. Qxf3 Qd7 16. Rfe1 Re5 17. Rxe5 dxe5 18. g4 f5 19. gxf5 gxf5 20. Kh1 Kh8 21. Rg1 e4 22. Qf4 Re8 23. Nd1 Be5 24. Qg5 Qf7 25. b3 f4 26. Qg4 Bd4 27. Rg2 Be5 28. Rg1 Rd8 29. Qg5 Re8 30. Rg4 Rg8 31. Qxe5+ Rg7 32. Rxf4 Qg6 33. Rf8# 1-0


[Site "https://www.chess.com"]

[Event "Titled Tuesday Blitz February 07 Late 2023"]
[White "Gonzalez, Francisco Silva"]
[Black "Torres Dominguez, David"]
[WhiteFideId "1512285"]
[BlackFideId "2220857"]
[WhiteElo "2021"]
[BlackElo "1994"]
[Result "0-1"]
[Round "05"]
[TimeControl "180+2"]
[Date "2023.02.07"]
[WhiteClock "0:00:35"]
[BlackClock "0:00:30"]

1. d4 e5 2. dxe5 d5 3. Nf3 Bg4 4. c4 dxc4 5. Qa4+ Nc6 6. Nbd2 Qd7 7. Qxc4 O-O-O 8. a3 Nge7 9. e3 Bxf3 10. gxf3 Nxe5 11. Qe4 N7g6 12. h4 f5 13. Qc2 Be7 14. h5 Nh4 15. Bh3 Nhxf3+ 16. Nxf3 Nxf3+ 17. Ke2 Nh4 18. Bxf5 Nxf5 19. Bd2 Rhe8 20. Rad1 Bf6 21. Bc3 Qb5+ 22. Kf3 Qc6+ 23. Kf4 Bxc3 24. Qxf5+ Kb8 25. Rxd8+ Rxd8 26. Rc1 Qd6+ 27. Kg4 Bf6 28. Kh3 h6 29. Kg2 Bxb2 30. Rc5 Bxa3 31. Rb5 a6 32. Re5 Bb2 33. Ra5 Bc3 34. Rc5 Bb4 35. Re5 a5 36. e4 Rf8 37. Qe6 Qd2 38. Rf5 Rxf5 39. Qxf5 Qg5+ 40. Qxg5 hxg5 41. Kf3 Kc8 42. Kg4 Be7 43. Kf5 Kd7 44. Kg6 Bf6 45. h6 gxh6 46. Kxf6 a4 47. Kf7 Kd6 48. Kf6 a3 49. e5+ Kd5 50. e6 a2 51. e7 a1=Q+ 52. Kf7 Qe5 53. e8=N Qxe8+ 54. Kxe8 h5 55. Kf7 h4 56. Kg6 h3 57. Kxg5 h2 58. f4 h1=Q 59. Kf6 Qf3 60. Kg5 b5 61. f5 b4 62. Kg6 b3 63. f6 b2 64. Kg7 b1=Q 65. f7 Qg1+ 66. Kf8 Qxf7+ 67. Kxf7 Qe3 68. Kf8 c5 69. Kf7 c4 70. Kf8 c3 71. Kf7 c2 0-1


[Site "https://www.chess.com"]

[Event "Titled Tuesday Blitz February 07 Late 2023"]
[White "Gerbelli Neto, Eduardo"]
[Black "Sailer, Mike"]
[WhiteFideId "2103281"]
[BlackFideId "2012901"]
[WhiteElo "2114"]
[BlackElo "2109"]
[Result "1-0"]
[Round "05"]
[TimeControl "180+2"]
[Date "2023.02.07"]
[WhiteClock "0:00:25"]
[BlackClock "0:00:05"]

1. e4 g6 2. Nc3 Bg7 3. f4 c6 4. Nf3 d5 5. d4 dxe4 6. Nxe4 Bg4 7. c3 Nd7 8. Bc4 Ngf6 9. Nf2 Bxf3 10. Qxf3 e6 11. O-O O-O 12. Nd3 b5 13. Bb3 Qc7 14. Ne5 c5 15. Be3 c4 16. Bc2 Nd5 17. Bd2 a5 18. a3 Rab8 19. Qe2 Rfc8 20. Rae1 b4 21. axb4 axb4 22. Nxf7 bxc3 23. bxc3 Nxc3 24. Qxe6 Bxd4+ 25. Kh1 Kg7 26. Ng5 Nf6 27. Qh3 h6 28. Ne6+ Kf7 29. Nxc7 Rxc7 30. Bxc3 Bxc3 31. Qxc3 Nd5 32. Qe5 Rc5 33. Qxb8 1-0


[Site "https://www.chess.com"]

[Event "Titled Tuesday Blitz February 07 Late 2023"]
[White "Nunez V, Gustavo Eduardo"]
[Black "Bongo Akanga Ndjila, Barthelemy"]
[WhiteFideId "4403690"]
[BlackFideId "10609431"]
[WhiteElo "2212"]
[BlackElo "1824"]
[Result "1-0"]
[Round "05"]
[TimeControl "180+2"]
[Date "2023.02.07"]
[WhiteClock "0:01:16"]
[BlackClock "0:00:34"]

1. e4 e6 2. d3 d5 3. Nd2 Nf6 4. Ngf3 c5 5. g3 Nc6 6. Bg2 Bd7 7. O-O Be7 8. Re1 d4 9. c4 O-O 10. e5 Ne8 11. Ne4 f6 12. exf6 Nxf6 13. Nxf6+ Bxf6 14. Bf4 b6 15. Ne5 Nxe5 16. Bxe5 Bxe5 17. Rxe5 Rb8 18. Qe2 Rf6 19. Re1 Rh6 20. f4 Qf8 21. Rg5 Qf6 22. Qe5 Qxe5 23. Rexe5 Rf8 24. h4 Kf7 25. Bh3 a5 26. b3 Rb8 27. a4 Rc8 28. Re2 g6 29. Bg4 Re8 30. Rge5 Kf6 31. Kf2 Kf7 32. Bf3 Kf6 33. g4 Rxh4 34. Kg3 g5 35. fxg5+ Kg6 36. Kxh4 Rf8 37. Kg3 1-0


[Site "https://www.chess.com"]

[Event "Titled Tuesday Blitz February 07 Late 2023"]
[White "Gomes, Luiz Alexandre de Souza"]
[Black "Curtis, John"]
[WhiteFideId "2102790"]
[BlackFideId "3200256"]
[WhiteElo "2254"]
[BlackElo "2292"]
[Result "1-0"]
[Round "05"]
[TimeControl "180+2"]
[Date "2023.02.07"]
[WhiteClock "0:01:04"]
[BlackClock "0:00:12"]

1. e4 e5 2. Nf3 Nc6 3. Bb5 a6 4. Ba4 Nf6 5. O-O Be7 6. Re1 b5 7. Bb3 O-O 8. h3 d6 9. c3 Na5 10. Bc2 c5 11. d3 Qc7 12. Nbd2 Nc6 13. Nf1 a5 14. Ng3 a4 15. Nh2 Bd7 16. Qf3 b4 17. Nf5 Bxf5 18. Qxf5 a3 19. Bb3 axb2 20. Bxb2 bxc3 21. Bxc3 Nd4 22. Bxd4 cxd4 23. Rac1 Qb7 24. g4 h6 25. h4 Rad8 26. g5 hxg5 27. hxg5 Nd7 28. g6 Nf6 29. Bxf7+ Rxf7 30. gxf7+ Kxf7 31. Ng4 Qb2 32. Rc7 Rg8 33. Rec1 Qe2 34. Rxe7+ Kxe7 35. Rc7+ Kd8 36. Qc8# 1-0


[Site "https://www.chess.com"]

[Event "Titled Tuesday Blitz February 07 Late 2023"]
[White "Alfaro, William"]
[Black "Necula, Iulian"]
[WhiteFideId "6100457"]
[BlackFideId "1232380"]
[WhiteElo "2134"]
[BlackElo "1851"]
[Result "0-1"]
[Round "05"]
[TimeControl "180+2"]
[Date "2023.02.07"]
[WhiteClock "0:00:14"]
[BlackClock "0:01:22"]

1. e4 c5 2. Nf3 d6 3. d4 cxd4 4. Nxd4 Nf6 5. Nc3 g6 6. Bc4 Bg7 7. O-O O-O 8. Bb3 Nc6 9. Nde2 a5 10. a4 Nb4 11. h3 b6 12. Be3 Bb7 13. f3 Rc8 14. Qd2 e6 15. Rad1 d5 16. e5 Nd7 17. f4 Nc5 18. Nd4 Nxb3 19. cxb3 Ba6 20. Ncb5 Bxb5 21. Nxb5 Rc2 22. Qd4 Qh4 23. Rd2 Rfc8 24. Bf2 Rxd2 25. Bxh4 Rxd4 26. Nxd4 Bf8 27. Bf2 Bc5 28. Nb5 Nd3 29. Bxc5 bxc5 30. g3 Nxb2 31. g4 c4 32. bxc4 dxc4 33. f5 gxf5 34. gxf5 exf5 35. Nd6 Rc5 36. Rxf5 c3 37. Nxf7 c2 38. Nh6+ Kg7 39. Rf6 c1=Q+ 40. Kg2 Qxh6 0-1


[Site "https://www.chess.com"]

[Event "Titled Tuesday Blitz February 07 Late 2023"]
[White "Rian, Kapriaga"]
[Black "Balog, Imre"]
[WhiteFideId "7103263"]
[BlackFideId "728446"]
[WhiteElo "2089"]
[BlackElo "2615"]
[Result "1-0"]
[Round "05"]
[TimeControl "180+2"]
[Date "2023.02.07"]
[WhiteClock "0:01:12"]
[BlackClock "0:00:03"]

1. d4 Nf6 2. Nf3 g6 3. Bg5 Bg7 4. Nbd2 O-O 5. e4 d6 6. c3 h6 7. Bh4 Nc6 8. Be2 e5 9. dxe5 dxe5 10. O-O g5 11. Bg3 Nh5 12. Qc2 Nf4 13. Nc4 Qe7 14. Ne3 Be6 15. Rfd1 Rad8 16. Bc4 Bxc4 17. Nxc4 Rfe8 18. Ne3 Rxd1+ 19. Rxd1 Rd8 20. Nf5 Rxd1+ 21. Qxd1 Qe6 22. b3 Bf8 23. Bxf4 exf4 24. Qd5 Qxd5 25. exd5 Ne7 26. Nxe7+ Bxe7 27. Kf1 Bf6 28. c4 Kf8 29. Ke2 Ke7 30. Kd3 a5 31. Nd4 Bxd4 32. Kxd4 Kd6 33. a3 f6 34. f3 c5+ 35. Ke4 1-0


[Site "https://www.chess.com"]

[Event "Titled Tuesday Blitz February 07 Late 2023"]
[White "Lacasa Diaz, Jose Antonio"]
[Black "Butolo, Alexandru-Mircea"]
[WhiteFideId "2203375"]
[BlackFideId "1261649"]
[WhiteElo "2359"]
[BlackElo "2033"]
[Result "1-0"]
[Round "05"]
[TimeControl "180+2"]
[Date "2023.02.07"]
[WhiteClock "0:01:36"]
[BlackClock "0:00:53"]

1. e4 c5 2. Nf3 Nc6 3. Bb5 e6 4. O-O Nge7 5. d4 cxd4 6. Nxd4 g6 7. Nxc6 bxc6 8. Qd4 Rg8 9. Bd3 Bg7 10. Qa4 Bb7 11. Nd2 c5 12. Nc4 Qc7 13. Bg5 Bc6 14. Qa3 d5 15. Na5 f6 16. Nxc6 Nxc6 17. exd5 fxg5 18. dxc6 Qxc6 19. Rae1 Kf8 20. Be4 1-0


[Site "https://www.chess.com"]

[Event "Titled Tuesday Blitz February 07 Late 2023"]
[White "Manu_ChessExcelsior"]
[Black "Fathy, Elameir"]
[BlackFideId "10600396"]
[WhiteElo "1881"]
[BlackElo "2300"]
[Result "1-0"]
[Round "05"]
[TimeControl "180+2"]
[Date "2023.02.07"]
[WhiteClock "0:00:47"]
[BlackClock "0:00:01"]

1. e4 c6 2. d4 d5 3. exd5 cxd5 4. Bd3 Nc6 5. c3 Nf6 6. h3 e5 7. dxe5 Nxe5 8. Bc2 Be7 9. Nf3 Nxf3+ 10. Qxf3 O-O 11. O-O Be6 12. Nd2 d4 13. cxd4 Qxd4 14. Nb3 Qd5 15. Qxd5 Nxd5 16. Nd4 Bd7 17. Bb3 Nb4 18. Bd2 Nc6 19. Bc3 Rfd8 20. Rfe1 Bc5 21. Rad1 Nxd4 22. Bxd4 Bb4 23. Re3 Bc6 24. a3 Bf8 25. Red3 a6 26. Bb6 Rxd3 27. Rxd3 Re8 28. Ba5 Re2 29. Bc3 Be7 30. Bd1 Re6 31. Bg4 Rg6 32. Re3 Bc5 33. Rd3 h6 34. b4 1-0


[Site "https://www.chess.com"]

[Event "Titled Tuesday Blitz February 07 Late 2023"]
[White "Yang, Qindong"]
[Black "Castillo Pena, Patricia Evarista"]
[WhiteFideId "8603758"]
[BlackFideId "6412106"]
[WhiteElo "2127"]
[BlackElo "1783"]
[Result "1-0"]
[Round "05"]
[TimeControl "180+2"]
[Date "2023.02.07"]
[WhiteClock "0:00:07"]
[BlackClock "0:00:06"]

1. d4 d5 2. c4 c6 3. Nf3 Nf6 4. Nc3 e6 5. Bg5 Be7 6. e3 h6 7. Bh4 Nbd7 8. Bd3 dxc4 9. Bxc4 b5 10. Bd3 Bb7 11. O-O O-O 12. e4 b4 13. Na4 c5 14. e5 Nd5 15. Bxe7 Qxe7 16. Re1 Rac8 17. Bb1 cxd4 18. Qd3 g6 19. Qxd4 N5b6 20. Nxb6 Nxb6 21. Qf4 Kg7 22. Be4 Rc4 23. Nd2 Rd4 24. Nb3 Rc4 25. Qf6+ Qxf6 26. exf6+ Kxf6 27. Bxb7 Rc2 28. Rab1 Nc4 29. Be4 Rxb2 30. Nc5 Rd2 31. Rxb4 Nd6 32. Bf3 Rd8 33. h3 Rxa2 34. Rd1 Ke7 35. Nb7 Nxb7 36. Rxb7+ Ke8 37. Bc6+ 1-0


[Site "https://www.chess.com"]

[Event "Titled Tuesday Blitz February 07 Late 2023"]
[White "Dushyant Sharma"]
[Black "Stolz, Mike"]
[WhiteFideId "25065130"]
[BlackFideId "4617134"]
[WhiteElo "2355"]
[BlackElo "2330"]
[Result "1/2-1/2"]
[Round "05"]
[TimeControl "180+2"]
[Date "2023.02.07"]
[WhiteClock "0:01:53"]
[BlackClock "0:00:56"]

1. e4 e5 2. Nf3 Nc6 3. Nc3 Nf6 4. Bb5 Nd4 5. Nxd4 exd4 6. e5 dxc3 7. exf6 cxd2+ 8. Bxd2 Qxf6 9. O-O Be7 10. Re1 O-O 11. Bc3 Qg5 12. Re5 Qf6 13. Re3 Qd6 14. Qg4 Bf6 15. Rd1 Qb6 16. Bxd7 Bxd7 17. Rxd7 Bxc3 18. Rxc3 Qxb2 19. Rg3 g6 20. h4 Qxc2 21. h5 Qxa2 22. hxg6 hxg6 23. Qxg6+ fxg6 24. Rxg6+ Kh8 25. Rh6+ Kg8 26. Rg6+ Kh8 27. Rh6+ Kg8 28. Rg6+ 1/2-1/2


[Site "https://www.chess.com"]

[Event "Titled Tuesday Blitz February 07 Late 2023"]
[White "Kochetov, Andrey"]
[Black "Winkels, Marcel"]
[WhiteFideId "24130532"]
[BlackFideId "1003887"]
[WhiteElo "2165"]
[BlackElo "1960"]
[Result "1-0"]
[Round "05"]
[TimeControl "180+2"]
[Date "2023.02.07"]
[WhiteClock "0:00:53"]
[BlackClock "0:00:06"]

1. e4 c5 2. Nf3 d6 3. d4 cxd4 4. Nxd4 Nf6 5. f3 a6 6. c4 e6 7. Nc3 Be7 8. Be3 O-O 9. Be2 b6 10. O-O Qc7 11. b4 Nbd7 12. Nb3 Bb7 13. Rc1 Rac8 14. Qd2 Qb8 15. Rfd1 Ne5 16. Na4 d5 17. Nxb6 Rcd8 18. exd5 exd5 19. c5 Nc6 20. Bf4 Qa7 21. Nd4 Nxd4 22. Qxd4 Bc6 23. a4 Rfe8 24. Bf1 Bf8 25. b5 axb5 26. axb5 Ba8 27. Ra1 Qe7 28. Bd6 Qe3+ 29. Qxe3 Rxe3 30. Bxf8 Kxf8 31. Rxa8 Rxa8 32. Nxa8 Ke7 33. c6 Kd6 34. c7 Rc3 35. b6 Nd7 36. b7 Rxc7 1-0


[Site "https://www.chess.com"]